 Dungeon Crawl Stone Soup version 0.23-a0-8-gb809bb7 (webtiles) character file.

5673 Kuinu the Fighter (level 10, -1/96 HPs)
             Began as a Green Draconian Berserker on Aug 1, 2018.
             Was an Elder of Trog.
             Slain by an unseen horror (6 damage)
             ... on level 10 of the Dungeon.
             The game lasted 00:16:11 (7143 turns).

Kuinu the Fighter (Green Draconian Berserker)       Turns: 7143, Time: 00:16:12

Health: -1/96      AC:  8    Str: 20    XL:     10   Next: 47%
Magic:  10/10      EV: 17    Int:  8    God:    Trog [****..]
Gold:   442        SH:  4    Dex: 16    Spells: 9/9 levels left

rFire    . . .     SeeInvis .   w - +1 short sword (freeze)
rCold    + . .     Gourm    .   (no shield)
rNeg     . . .     Faith    .   (armour unavailable)
rPois    +         Spirit   .   (helmet restricted)
rElec    .         Reflect  +   (no cloak)
rCorr    .         Harm     .   m - +0 pair of gloves
MR       .....                  (no boots)
Stlth    +.........             g - +4 amulet of reflection
HPRegen  0.26/turn              i - ring of protection from cold
MPRegen  0.12/turn              u - +3 ring of dexterity

@: no status effects
A: breathe noxious fumes, unfitting armour, poison resistance, cold-blooded, AC
+7
a: Breathe Noxious Fumes, Berserk, Trog's Hand, Brothers in Arms, Renounce
Religion


You were on level 10 of the Dungeon.
You worshipped Trog.
Trog was greatly pleased with you.
You were not hungry.

You visited 2 branches of the dungeon, and saw 11 of its levels.

You collected 442 gold pieces.

Inventory:

Hand Weapons
 a - a +0 falchion
 w - a +1 short sword of freezing (weapon)
 A - a cursed +0 dagger
 B - a +0 flail of protection
 E - the +3 hunting sling of the Toadstool {freeze, rPois MP-9 SInv, unknown}
   (You found it on level 10 of the Dungeon)

   It causes projectiles fired from it to freeze those they strike, causing
   extra injury to most foes and up to half again as much damage against
   particularly susceptible opponents.
   They can also slow down cold-blooded creatures.
   It protects you from poison.
   It affects your magic capacity (-9).
   It lets you see invisible.
Armour
 m - a +0 pair of gloves (worn)
 s - a +0 pair of boots
Jewellery
 e - an uncursed amulet of magic regeneration
 g - a +4 amulet of reflection (around neck)
 i - a ring of protection from cold (left hand)
 q - a +1 ring of protection {unknown}
 r - an uncursed ring of flight {unknown}
 t - an uncursed amulet of the acrobat
 u - a +3 ring of dexterity (right hand)
Scrolls
 d - 5 scrolls of remove curse
 k - 2 scrolls of identify
 l - 2 scrolls of immolation
 n - a scroll of blinking {unknown}
 v - a scroll of torment {unknown}
 x - 3 scrolls of fog {unknown}
 y - a scroll of brand weapon {unknown}
 z - a scroll of fear
 D - a scroll of magic mapping
Potions
 f - a potion of experience {unknown}
 h - 3 potions of agility {unknown}
 j - 3 potions of lignification
 o - 2 potions of might
 p - a potion of flight {unknown}
 C - a potion of degeneration {unknown}
Comestibles
 b - 11 rations


   Skills:
 * Level 11.3 Fighting
 * Level 10.4 Long Blades
 + Level 7.0 Dodging


You had 9 spell levels left.
You didn't know any spells.
Your spell library was empty.

Dungeon Overview and Level Annotations

Branches:
Dungeon (10/15)            Temple (1/1) D:5
   Lair: D:8-11         Orc: D:9-12

Altars:
Ashenzari
Cheibriados
Dithmenos
Elyvilon
Fedhas
Gozag
Hepliaklqana
Kikubaaqudgha
Makhleb
Nemelex Xobeh
Okawaru
Qazlal
Ru
Sif Muna
Trog
Uskayaw
Vehumet
Wu Jian
Xom
Yredelemnul
Zin
The Shining One


Innate Abilities, Weirdness & Mutations

You can breathe blasts of noxious fumes.
Your lurid green scales are hard. (AC +7)
You cannot fit into any form of body armour.
Your system is resistant to poisons. (rPois)
You are cold-blooded and may be slowed by cold attacks.


Message History

Something hits you.
* * * LOW HITPOINT WARNING * * *
Found a brown potion.
You see here 2 arrows.
There isn't anything to butcher here.
There isn't anything to butcher here.
Your skin stops crawling.
You feel less resistant to hostile enchantments.
Something hits you.
* * * LOW HITPOINT WARNING * * *
Things that are here:
an uncursed shortbow; 14 arrows You feel better.
Something hits you!
* * * LOW HITPOINT WARNING * * *
You feel better. Something hits you.
* * * LOW HITPOINT WARNING * * *
Something hits you but does no damage. Something hits you!
* * * LOW HITPOINT WARNING * * *
Something hits you.
You die...

##..[..........#
##...............#
##..................
##...(............$...
##<...(................
#<.....(..............
##<...................
##......(...........
##.....@..........
##....).........
##....(.......
##...........
##.....%...!
##......... ##....|...
##$...... #......


There were no monsters in sight!

Vanquished Creatures
  3 two-headed ogres
  2 trolls
  Duvessa (D:4)
  A water moccasin (D:9)
  An orc warrior (D:8)
  A sky beast (D:6)
  A phantom (D:4)
  A black bear (D:6)
  2 necrophages
  An ogre (D:9)
  6 centaurs
  6 bullfrogs
  A gnoll sergeant (D:7)
  Dowan (D:4)
  A scorpion (D:6)
  4 killer bees (D:8)
  A howler monkey (D:4)
  6 crimson imps
  A bullfrog zombie (D:10)
  5 hounds
  2 jellies
  4 orc priests
  2 orc wizards
  4 iguanas
  8 worker ants
  A killer bee zombie (D:4)
  A hound zombie (D:6)
  A hound skeleton (D:6)
  5 gnolls (D:7)
  9 adders
  A shadow imp (D:6)
  2 oozes
  An adder zombie (D:7)
  2 adder skeletons
  4 worms
  4 leopard geckos
  29 orcs
  3 giant cockroaches
  7 goblins
  8 hobgoblins
  9 jackals (D:4)
  3 kobolds
  2 quokkas
  5 bats
  5 frilled lizards
  2 jackal skeletons (D:4)
  A leopard gecko skeleton (D:8)
  A quokka zombie (D:7)
  7 rats
179 creatures vanquished.

Vanquished Creatures (collateral kills)
  Sigmund (D:6)
1 creature vanquished.

Grand Total: 180 creatures vanquished

Notes
Turn   | Place    | Note
-------+----------+-------------------------------------------
     0 | D:1      | Kuinu the Draconian Berserker began the quest for the Orb.
     0 | D:1      | Reached XP level 1. HP: 19/19 MP: 1/1
   237 | D:1      | Reached XP level 2. HP: 16/26 MP: 2/2
   895 | D:2      | Reached XP level 3. HP: 23/33 MP: 3/3
   991 | D:2      | Reached skill level 4 in Fighting
  1660 | D:2      | Reached XP level 4. HP: 16/40 MP: 4/4
  1662 | D:2      | Reached ** piety under Trog
  1916 | D:3      | Found an opulent altar of Gozag.
  2423 | D:4      | Reached XP level 5. HP: 47/47 MP: 5/5
  2510 | D:4      | Found a bloodstained altar of Trog.
  2512 | D:4      | Found a hazy altar of Hepliaklqana.
  2513 | D:4      | Found a shadowy altar of Dithmenos.
  2513 | D:4      | Found a basalt altar of Yredelemnul.
  2513 | D:4      | Found a shimmering altar of Xom.
  2513 | D:4      | Noticed Duvessa
  2513 | D:4      | Noticed a troll
  2514 | D:4      | Noticed Dowan
  2525 | D:4      | Killed a troll
  2525 | D:4      | Reached skill level 5 in Fighting
  2525 | D:4      | Reached skill level 5 in Long Blades
  2525 | D:4      | Reached XP level 6. HP: 56/56 MP: 6/6
  2530 | D:4      | Killed Duvessa
  2530 | D:4      | Reached skill level 6 in Fighting
  2544 | D:4      | Killed Dowan
  2544 | D:4      | Your scales start taking on a lurid green colour.
  2544 | D:4      | Reached XP level 7. HP: 39/63 MP: 7/7
  2544 | D:4      | Gained mutation: Your system is resistant to poisons. (rPois) [Green Draconian growth]
  2864 | D:4      | Reached *** piety under Trog
  3084 | D:5      | Entered Level 5 of the Dungeon
  3119 | D:5      | Noticed a two-headed ogre
  3138 | D:5      | HP: 2/96 [two-headed ogre/giant club (16)]
  3139 | D:5      | Killed a two-headed ogre
  3139 | D:5      | Reached skill level 8 in Fighting
  3139 | D:5      | Reached skill level 5 in Dodging
  3139 | D:5      | Reached XP level 8. HP: 2/74 MP: 8/8
  3607 | D:5      | Found a staircase to the Ecumenical Temple.
  3621 | Temple   | Entered the Ecumenical Temple
  4149 | D:6      | Found a shadowy altar of Dithmenos.
  4162 | D:6      | Noticed Sigmund
  4180 | D:6      | Killed Sigmund
  4199 | D:6      | Reached XP level 9. HP: 74/82 MP: 9/9
  4241 | D:6      | Reached skill level 9 in Fighting
  4974 | D:7      | Reached **** piety under Trog
  5540 | D:8      | Reached skill level 10 in Fighting
  5653 | D:8      | Noticed a two-headed ogre
  5662 | D:8      | Killed a two-headed ogre
  5834 | D:8      | Reached XP level 10. HP: 89/93 MP: 10/10
  6317 | D:9      | Noticed a two-headed ogre
  6325 | D:9      | Killed a two-headed ogre
  6325 | D:9      | Reached skill level 10 in Long Blades
  6362 | D:9      | Reached skill level 11 in Fighting
  7051 | D:10     | Entered Level 10 of the Dungeon
  7082 | D:10     | Got a fine hunting sling
  7143 | D:10     | Slain by an unseen horror

Vault maps used:
D:1:      saegor_arrival_simple_e, grunt_decor_one_mirror
D:2:      lemuel_upstairs_altar
D:3:      nrook_loot_triangle, grunt_gozag_breadcrumbs
D:4:      grunt_temple_overflow_open, first_ration, corexii_leaking_fountain,
          uniq_duvessa
D:5:      minmay_temple_entry_nine_rooms
D:6:      nicolae_dithmenos_the_darkroom, uniq_sigmund
D:7:      st_stairs_4
D:10:     erik_lair_orcish_takeover, minmay_misc_feat_square, uniq_josephine
Temple:   minmay_crystal_spiral_temple

Skill      XL: |  1  2  3  4  5  6  7  8  9 10 |
---------------+-------------------------------+-----
Dodging        | 3 4 5 6 7 |  7.0
Fighting       | 4 5 6 8 10 11 | 11.3
Long Blades    | 4 5 7 8 9 10 | 10.4

Action                   |  1- 3 |  4- 6 |  7- 9 | 10-12 || total
-------------------------+-------+-------+-------+-------++-------
Melee: Falchion          |     9 |    52 |   283 |       ||   344
       Whip              |   125 |    79 |       |       ||   204
       Tailslap          |    21 |    25 |    76 |    33 ||   155
       Short sword       |       |       |   122 |   135 ||   257
Invok: Berserk           |     2 |     2 |     8 |     2 ||    14
       Trog's Hand       |       |     2 |     1 |     2 ||     5
 Abil: Breathe Noxious F |       |       |     5 |       ||     5
  Use: Potion            |     2 |       |       |     3 ||     5
       Scroll            |     6 |     1 |     3 |     1 ||    11
 Stab: Sleeping          |       |     1 |     1 |       ||     2
  Eat: Chunk             |     3 |     5 |    18 |     5 ||    31
       Ration            |       |       |     1 |     1 ||     2
Armor: Skin              |    26 |    27 |    94 |    37 ||   184
Dodge: Dodged            |    95 |    73 |   310 |   139 ||   617
Block: Other             |    16 |    10 |    31 |     4 ||    61
       Reflection        |       |     1 |       |     2 ||     3
       Rpst.: Falchion   |     1 |    11 |    53 |       ||    65

Table legend:
 A = Spawn XP
 B = Non-spawn XP
 C = Spawn XP percentage of total XP
 D = Spawn monster count
 E = Non-spawn monster count
 F = Spawn count percentage of total count
 G = Total turns spent on level
                    A         B        C        D         E        F      G
               +---------+---------+-------+---------+---------+-------+---------
         Total |       0 |    8105 |   0.0 |       0 |     180 |   0.0 |  7143
               +---------+---------+-------+---------+---------+-------+---------
           D:1 |       0 |      16 |   0.0 |       0 |      10 |   0.0 |   718
           D:2 |       0 |      88 |   0.0 |       0 |      23 |   0.0 |  1164
           D:3 |       0 |      91 |   0.0 |       0 |      20 |   0.0 |   492
           D:4 |       0 |     961 |   0.0 |       0 |      28 |   0.0 |   710
           D:5 |       0 |    1212 |   0.0 |       0 |      10 |   0.0 |   675
           D:6 |       0 |     858 |   0.0 |       0 |      15 |   0.0 |   763
           D:7 |       0 |     690 |   0.0 |       0 |      28 |   0.0 |   506
           D:8 |       0 |    1675 |   0.0 |       0 |      20 |   0.0 |   968
           D:9 |       0 |    2344 |   0.0 |       0 |      21 |   0.0 |   884
          D:10 |       0 |     170 |   0.0 |       0 |       5 |   0.0 |    92
               +---------+---------+-------+---------+---------+-------+---------
